 Dungeon Crawl Stone Soup version 0.22.0-32-gbc6daba (webtiles) character file.

365802 MothsLongingForFire the Slayer (level 22, -27/302 HPs)
             Began as an Ogre Transmuter on Aug 21, 2018.
             Was the Champion of Qazlal.
             Annihilated by a slime creature (30 damage)
             ... on level 2 of the Vaults on Aug 24, 2018.
             The game lasted 02:25:39 (58073 turns).

MothsLongingForFire the Slayer (Ogre Transmuter)   Turns: 58073, Time: 02:25:40

Health: -27/302    AC: 20    Str: 21    XL:     22   Next: 55%
Magic:  38/41      EV: 19    Int: 18    God:    Qazlal [******]
Gold:   2927       SH:  8    Dex: 11    Spells: 33/51 levels left

rFire    x . .     SeeInvis .     - Unarmed
rCold    + + +     Gourm    .   (shield currently unavailable)
rNeg     . . .     Faith    .   (armour currently unavailable)
rPois    +         Spirit   .   (helmet currently unavailable)
rElec    .         Reflect  .   (cloak currently unavailable)
rCorr    .         Harm     .   (gloves unavailable)
MR       ++...                  (boots unavailable)
Stlth    +.........             g - amulet of regeneration
HPRegen  1.00/turn              O - +3 ring of protection
MPRegen  0.27/turn              X - +2 ring of evasion

@: icy armour, ice-form (expiring), protected from physical damage, very
slightly contaminated, slowed, repel missiles, very slow
A: large, unfitting armour
}: 2/15 runes: serpentine, barnacled
a: End Transformation, Upheaval, Elemental Force, Disaster Area, Renounce
Religion


You were on level 2 of the Vaults.
You worshipped Qazlal.
Qazlal was exalted by your worship.
You were not hungry.
You were a creature of crystalline ice.
You visited 7 branches of the dungeon, and saw 34 of its levels.
You also visited: Sewer, Ossuary and Bailey.

You collected 3771 gold pieces.
You spent 844 gold pieces at shops.


Innate Abilities, Weirdness & Mutations

You are too large for most types of armour.
((You have tough skin. (AC +1)))


   Skills:
 - Level 21.5 Fighting
 - Level 5.0 Armour
 - Level 15.7 Dodging
 * Level 19.0 Unarmed Combat
 - Level 15.0 Spellcasting
 - Level 8.0 Transmutations
 - Level 4.0 Ice Magic


You had 33 spell levels left.
You knew the following spells:

 Your Spells              Type           Power        Failure   Level  Hunger
a - Blade Hands           Tmut           #####.....   4%          5    ####...
e - Beastly Appendage     Tmut           #####.       1%          1    None
i - Spider Form           Tmut/Pois      ####......   2%          3    None
o - Ice Form              Ice/Tmut       #####...     4%          4    None
t - Sticks to Snakes      Tmut           #####...     1%          2    None
u - Ozocubu's Armour      Chrm/Ice       ###.....     6%          3    None

Your spell library contained the following spells:

 Spells                   Type           Power        Failure   Level  Hunger
 Freeze                   Ice            ####         1%          1    None
 Ensorcelled Hibernation  Hex/Ice        ###...       3%          2    None
 Throw Frost              Conj/Ice       ###...       3%          2    None
 Animate Skeleton         Necr           N/A          4%          1    None
 Apportation              Tloc           ##....       4%          1    None
 Confusing Touch          Hex            ##....       4%          1    None
 Corona                   Hex            ##.....      4%          1    None
 Infusion                 Chrm           ##..         4%          1    None
 Pain                     Necr           ##..         4%          1    None
 Sting                    Conj/Pois      ##..         4%          1    None
 Summon Small Mammal      Summ           ##..         4%          1    None
 Ignite Poison            Fire/Tmut/Pois ###.....     4%          3    None
 Corpse Rot               Necr           N/A          7%          2    None
 Poisonous Vapours        Pois/Air       ##....       7%          2    None
 Shroud of Golubria       Chrm/Tloc      ##........   7%          2    None
 Song of Slaying          Chrm           ##......     7%          2    None
 Confuse                  Hex            ##......     14%         3    None
 Dazzling Spray           Conj/Hex       ##....       14%         3    None
 Lesser Beckoning         Tloc           ##........   14%         3    None
 Mephitic Cloud           Conj/Pois/Air  ##......     14%         3    None
 Portal Projectile        Hex/Tloc       ##....       14%         3    None
 Regeneration             Chrm/Necr      ##........   14%         3    None
 Spectral Weapon          Hex/Chrm       ##......     14%         3    None
 Stone Arrow              Conj/Erth      ##....       14%         3    None
 Tukima's Dance           Hex            ##......     14%         3    None
 Vampiric Draining        Necr           ##........   14%         3    None
 Summon Ice Beast         Ice/Summ       ###.....     21%         4    None
 Throw Icicle             Conj/Ice       ###.....     21%         4    None
 Hydra Form               Tmut           #####.....   26%         6    #####..
 Animate Dead             Necr           N/A          43%         4    None
 Leda's Liquefaction      Hex/Erth       ##........   43%         4    None
 Olgreb's Toxic Radiance  Pois           ##......     43%         4    None
 Bolt of Magma            Conj/Fire/Erth ##........   78%         5    ####...
 Iskenderun's Battlesphe  Conj/Chrm      ##......     78%         5    ####...
 Summon Forest            Summ/Tloc      ##........   78%         5    ####...
 Venom Bolt               Conj/Pois      ##........   78%         5    ####...
 Iron Shot                Conj/Erth      ##........   100%        6    #####..
 Orb of Destruction       Conj           ##........   100%        7    #######
 Spellforged Servitor     Conj/Summ      ##........   100%        7    #######
 Summon Hydra             Summ           ##........   100%        7    #######
 Disjunction              Tloc           ##........   100%        8    #######

Inventory:

Missiles
 a - 1021 arrows
 v - 7 poisoned tomahawks
 w - 12 throwing nets {=f}
 y - 57 large rocks (quivered) {=f}
 H - 6 poisoned javelins
Armour
 u - a +0 cloak (melded)
 R - the +1 robe "Timoylou" (melded) {rF+ rC++ Stlth+}
   (You found it on level 7 of the Dungeon)

   It protects you from fire.
   It greatly protects you from cold.
   It makes you more stealthy.
Jewellery
 g - an amulet of regeneration (around neck)
 O - a +3 ring of protection (left front paw)
 X - a +2 ring of evasion (right front paw)
Wands
 k - a wand of clouds (5)
 x - a wand of disintegration (40)
 E - a wand of digging (2)
 Q - a wand of scattershot (2)
 S - a wand of acid (10)
Scrolls
 b - 5 scrolls of amnesia
 c - 2 scrolls of fog
 i - 9 scrolls of immolation {!r}
 j - 3 scrolls of enchant armour
 l - 3 scrolls of teleportation {@r4}
 p - 17 scrolls of remove curse {@r2}
 A - 6 scrolls of blinking
 B - a scroll of holy word
 D - 3 scrolls of fear {unknown}
 K - 3 scrolls of identify {@r1}
 P - 2 scrolls of vulnerability {unknown}
Potions
 e - 7 potions of mutation {!q}
 f - 9 potions of lignification {!q}
 h - 10 potions of brilliance
 m - 9 potions of flight
 n - 3 potions of magic
 o - 5 potions of agility
 q - 5 potions of ambrosia
 r - 4 potions of haste {@q3}
 t - 4 potions of invisibility
 F - 7 potions of curing {@q1}
 G - a potion of heal wounds {@q2}
 I - 6 potions of berserk rage {!q}
 L - 2 potions of resistance
 V - 9 potions of cancellation
 W - 2 potions of might
Miscellaneous
 s - 2 boxes of beasts
 C - a phantom mirror
 J - a phial of floods
 U - a lightning rod (4/4)
 Y - 2 sacks of spiders
Comestibles
 d - 49 rations {@e1}

Dungeon Overview and Level Annotations

Branches:
Dungeon (15/15)            Temple (1/1) D:4            Lair (6/6) D:8
 Shoals (4/4) Lair:3        Snake (4/4) Lair:3        Slime (0/5) Lair:6
    Orc (2/2) D:11            Elf (0/3) Orc:2        Vaults (2/5) D:13
  Crypt (0/3) Vaults:2     Depths (0/5) D:15

Altars:
Ashenzari
Cheibriados
Dithmenos
Elyvilon
Fedhas
Gozag
Hepliaklqana
Kikubaaqudgha
Makhleb
Nemelex Xobeh
Okawaru
Qazlal
Ru
Sif Muna
Trog
Uskayaw
Vehumet
Wu Jian
Xom
Yredelemnul
Zin
The Shining One
Beogh
Jiyva

Shops:
D:12 *   Orc:1 [   Orc:2 ([*=}   Snake:1 !*   Snake:3 =:%   Vaults:1 (

Annotations:
D:10 exclusion: downstairs
Snake:2 3 runed doors, Anothat's ghost, adept DsGl

▒........H.{▒u ▒......p....▒.
▒▒▒▒▒▒▒▒▒ ▒...oo..p...▒,
▒▒.......▒▒ ▒▒▒▒▒▒▒▒▒▒▒+▒▒▒▒▒▒▒▒▒,
▒....▒....▒▒ ▒[............▒ **
....▒▒▒....▒▒▒.............▒**** **
.....▒......▒▒.§§§.§.......▒*,,***,
.............▒...§§..)))...▒**,,*,,
.............▒...Y...)..)..▒***,,,*
▒...▒▒▒...▒..+.§J.pu.))....'.,,,,,,
▒▒..▒ ▒..▒▒▒.▒▒▒▒▒▒'▒▒▒▒▒▒▒▒▒▒*,,,*
▒)..▒▒▒...▒..'.,*.....*,,* **,,*,,
)))..........▒..'.....▒,,* *,,***,
.)...........▒..▒,,...▒,,*********+
.....▒......▒▒,.▒,,,..▒,,',***,,,,,
....▒▒▒....▒**,.▒,,,,.▒,,*,,****,,*
▒....▒....▒* *,,▒******,,*,,*,*+***


You could see a vault warden, a purple ugly thing and a slime creature.


Message History

* * * LOW HITPOINT WARNING * * *
The ironbrand convoker is engulfed in freezing vapours.
The vault guard closely misses you.
An orc warrior comes into view. It is wielding a dire flail.
You block the yaktaur's attack.
Your surroundings suddenly seem different.
You hear a shout!
The slime creature completely misses you.
The vault warden is engulfed in freezing vapours.
A vault warden comes into view. It is wielding a dire flail.
You block the slime creature's attack.
You feel better.
You hear a howl!
The vault warden hits you with a dire flail!
* * * LOW HITPOINT WARNING * * *
The slime creature closely misses you. You block the vault warden's attack.
The purple ugly thing gurgles horribly!
Unknown command.
Casting: Ozocubu's Armour (safe; 6% risk of failure)
Confirm with . or Enter, or press ? or * to list all spells.
Your icy body feels more resilient.
The slime creature hits you!
* * * LOW HITPOINT WARNING * * *
The vault warden activates a sealing rune.
The doors slam shut!
The slime creature barely misses you.
You barely miss the vault warden.
The vault warden is lightly wounded.
The vault warden hits you with a dire flail!!
* * * LOW HITPOINT WARNING * * *
The slime creature hits you!!
You die...

Skill      XL: |  1  2  3  4  5  6  7  8  9 10 11 12 13 14 15 16 17 18 19 20 21 22 |
---------------+-------------------------------------------------------------------+-----
Fighting       | 2 3 4 5 6 8 10 12 13 16 17 19 20 21 | 21.5
Unarmed Combat | 3 4 5 6 7 9 10 11 13 16 17 19 | 19.0
Transmutations | 2 3 4 5 6 8 |  8.0
Ice Magic      | 1 3 4 |  4.0
Spellcasting   | 3 7 10 11 13 14 15 | 15.0
Dodging        | 7 10 13 14 15 | 15.7
Armour         | 3 5 |  5.0

Action                   |  1- 3 |  4- 6 |  7- 9 | 10-12 | 13-15 | 16-18 | 19-21 | 22-24 || total
-------------------------+-------+-------+-------+-------+-------+-------+-------+-------++-------
Melee: Unarmed           |   208 |   261 |   472 |   621 |  1209 |  1241 |   763 |   252 ||  5027
       Kick              |     5 |       |       |       |       |       |       |       ||     5
       Headbutt          |     2 |     1 |       |       |       |       |       |       ||     3
       Punch             |     2 |     2 |     8 |    15 |    15 |     9 |    13 |     2 ||    66
Throw: Stone             |       |       |     4 |       |       |       |       |       ||     4
       Large rock        |       |       |       |     3 |     3 |       |     3 |       ||     9
 Cast: Beastly Appendage |     8 |     3 |       |       |       |       |       |       ||    11
       Sticks to Snakes  |     2 |     5 |     9 |       |       |     8 |       |       ||    24
       Spider Form       |       |     8 |    16 |    21 |     6 |       |       |       ||    51
       Ice Form          |       |       |       |    15 |    55 |    77 |    43 |    14 ||   204
       Blade Hands       |       |       |       |       |     1 |     3 |       |     1 ||     5
       Ozocubu's Armour  |       |       |       |       |       |    41 |    24 |    19 ||    84
Invok: Upheaval          |       |       |       |       |       |       |       |     1 ||     1
       Disaster Area     |       |       |       |       |       |       |       |     1 ||     1
 Abil: End Transformatio |       |       |       |       |       |       |       |     1 ||     1
Evoke: Wand              |       |       |       |     5 |     6 |       |       |       ||    11
  Use: Scroll            |       |    11 |     4 |     4 |     8 |    11 |     2 |     9 ||    49
       Potion            |       |       |       |       |     1 |     9 |     3 |     6 ||    19
 Stab: Sleeping          |       |     1 |       |       |       |       |       |       ||     1
       Petrified         |       |       |       |       |     1 |       |       |       ||     1
  Eat: Chunk             |     3 |    12 |    17 |    27 |    38 |    27 |    18 |     7 ||   149
       Ration            |       |       |     3 |     3 |     2 |     5 |     2 |       ||    15
Armor: Robe              |    52 |    58 |   103 |    66 |    45 |    19 |    16 |       ||   359
       Skin              |       |     9 |     9 |    69 |   149 |   251 |   177 |    55 ||   719
Dodge: Dodged            |    94 |   145 |   240 |   373 |   683 |   982 |   641 |   182 ||  3340
       Deflected         |       |       |       |     3 |    24 |   137 |    66 |     1 ||   231
Block: Other             |       |       |    18 |   103 |   361 |   548 |   315 |   104 ||  1449
       Large shield      |       |       |       |     2 |       |       |       |       ||     2

Vault maps used:
D:1:      matt_arrival_refuge, roderic_roman_lattice, grunt_decor_fettered
D:2:      minmay_wonky_spiral, grunt_decor_cap
D:3:      lemuel_round_altar, lightli_sewer_entry_pipes
D:4:      nicolae_overflow_hidden_temple, xom_butterflies, temple_statues,
          minmay_surrounded, uniq_robin
D:5:      kennysheep_mini, kennysheep_mini_moat, kiku_gazebo_garden_becter,
          lemuel_doored_altar, first_ration, uniq_duvessa
D:6:      water_maze_lemuel
D:7:      old_standard_altar
D:8:      erik_lair_orcish_takeover, serial_glass, glass_columns_a,
          glass_columns_a, minmay_strange_pillars, chequers_ossuary_entry_cave,
          corexii_leaking_fountain, uniq_prince_ribbit1
D:9:      nicolae_dithmenos_through_a_glass_darkly,
          nicolae_gozag_cash_rules_everything_around_me, ebering_ghost_xom,
          uniq_grum, uniq_pikel, uniq_psyche
D:10:     grunt_tengu_nest
D:11:     david_orc_3, tgw_fedhas
D:12:     serial_shops, nicolae_shop_crystal, minivault_23, uniq_josephine
D:13:     david_vaults_2, nooodl_food_tri
D:14:     enter_bailey_8, minmay_misc_feat_alley, serial_bayou_pond_b
D:15:     grunt_enter_depths_giant_problem,
          hangedman_abyss_or_decor_lesser_grid, special_room
Temple:   nicolae_temple_hex_pool
Lair:1:   grunt_megastairs_1, uniq_urug, uniq_erica, uniq_nergalle
Lair:2:   wad_woods_river_01, serial_bayou_shore_a, grunt_megastairs_3
Lair:3:   minmay_shoals_entry_beasts, guppyfry_snake_entry_island, basic_altar,
          infiniplex_staircase_pool_2, grunt_megastairs_4
Lair:4:   lemuel_reptile_caves, minmay_lair_oklob_chamber
Lair:5:   serial_bayou_pond_a, lemuel_fruit_tree
Lair:6:   evilmike_catoblepas_cave, slime_altar_1, st_stairs_4, zaba_anthell,
          infiniplex_staircase_pool
Shoals:1: argonaut_gorgonesque
Shoals:2: uniq_polyphemus
Shoals:4: shoals_end_grunt_garden, nicolae_shoals_circle_sea_wall,
          lightli_airlock
Snake:1:  abandoned_shop, minmay_shoptagon, uniq_kirke, uniq_frances
Snake:2:  gammafunk_ghost_necromancy, grunt_ministairs_12, uniq_vashnia
Snake:3:  serial_shops, shop_fountains, shop, basic_altar, serial_bayou_shore_b,
          minmay_shop_star
Snake:4:  snake_pit_salamanders_mu, basic_altar, spider_trap
Orc:1:    nicolae_orc_accident_2, serial_shops, shop, nicolae_orc_bridge_out
Orc:2:    st_orc_congregation, serial_shops, shop
Vaults:1: hangedman_vaults_stagger, ontoclasm_vaults_tryst,
          hangedman_vaults_snaps, ontoclasm_vaults_pinch,
          dpeg_vaults_monster_row, serial_shops, shop, uniq_asterion
Vaults:2: ontoclasm_vaults_shuriken, v_misc_4, nicolae_vaults_asterisk,
          hangedman_vaults_river_flow, nicolae_vaults_circle_grid_a,
          minmay_crypt_entry_simple_statues, vaults_room_octagon, v_misc_9,
          v_misc_12, v_misc_30, grunt_vaults_swirl, ontoclasm_vaults_ligature,
          ontoclasm_vaults_shout, nicolae_vaults_little_squares_6
Sewer:    kennysheep_door_sewer
Ossuary:  ossuary_crypta
Bailey:   bailey_axe_minmay_hex_keep, bailey

Notes
Turn   | Place    | Note
-------+----------+-------------------------------------------
     0 | D:1      | MothsLongingForFire the Ogre Transmuter began the quest for the Orb.
     0 | D:1      | Reached XP level 1. HP: 19/19 MP: 3/3
   322 | D:1      | Reached skill level 2 in Fighting
   357 | D:1      | Reached skill level 3 in Unarmed Combat
   357 | D:1      | Reached XP level 2. HP: 21/28 MP: 1/5
  1199 | D:2      | Reached XP level 3. HP: 36/36 MP: 4/6
  1293 | D:2      | Reached skill level 3 in Fighting
  1416 | D:2      | Learned a level 2 spell: Sticks to Snakes
  1420 | D:2      | Learned a level 3 spell: Spider Form
  1903 | D:2      | Reached skill level 2 in Transmutations
  1903 | D:2      | Reached XP level 4. HP: 15/48 MP: 0/7
  2793 | D:2      | Reached skill level 4 in Fighting
  2874 | D:3      | Reached XP level 5. HP: 48/54 MP: 4/8
  2927 | D:3      | Reached skill level 4 in Unarmed Combat
  3064 | D:3      | Found a glowing drain.
  3072 | Sewer    | Entered a sewer
  3181 | Sewer    | Noticed Purgy
  3190 | Sewer    | Killed Purgy
  3190 | Sewer    | Reached skill level 5 in Fighting
  3190 | Sewer    | Reached skill level 3 in Transmutations
  3190 | Sewer    | Reached XP level 6. HP: 40/66 MP: 5/9
  3662 | D:3      | Found a glowing silver altar of Zin.
  4164 | D:4      | Noticed Robin
  4177 | D:4      | Killed Robin
  4223 | D:4      | Found the +0 pair of fencer's gloves {+Riposte Dex+3}
  4225 | D:4      | Found a staircase to the Ecumenical Temple.
  4238 | Temple   | Entered the Ecumenical Temple
  4334 | Temple   | Became a worshipper of Qazlal Stormbringer
  4362 | D:4      | Found a shimmering altar of Xom.
  4883 | D:4      | Found a shattered altar of Ashenzari.
  4972 | D:5      | Entered Level 5 of the Dungeon
  5053 | D:5      | Noticed Duvessa
  5053 | D:5      | Noticed Dowan
  5073 | D:5      | Killed Duvessa
  5073 | D:5      | Reached XP level 7. HP: 73/74 MP: 1/10
  5105 | D:5      | Killed Dowan
  5105 | D:5      | Reached skill level 6 in Fighting
  5105 | D:5      | Reached skill level 4 in Transmutations
  5107 | D:5      | Reached skill level 5 in Unarmed Combat
  5481 | D:5      | Reached * piety under Qazlal
  5530 | D:5      | HP: 6/76 [centaur/arrow (11)]
  5941 | D:5      | Reached XP level 8. HP: 83/84 MP: 8/11
  5990 | D:5      | Reached skill level 7 in Fighting
  6102 | D:5      | Found a deep blue altar of Sif Muna.
  6141 | D:5      | Found an ancient bone altar of Kikubaaqudgha.
  6164 | D:5      | Found a hazy altar of Hepliaklqana.
  6488 | D:5      | Found an ornate altar of the Wu Jian Council.
  6697 | D:6      | Reached skill level 5 in Transmutations
  7258 | D:6      | Reached skill level 8 in Fighting
  7258 | D:6      | Reached skill level 6 in Unarmed Combat
  8813 | D:7      | Learned a level 4 spell: Ice Form
  9222 | D:7      | Got a distressingly furry robe
  9233 | D:7      | Identified the +1 robe "Timoylou" {rF+ rC++ Stlth+} (You found it on level 7 of the Dungeon)
  9281 | D:7      | Found a bloodstained altar of Trog.
  9360 | D:7      | Reached skill level 1 in Ice Magic
  9592 | D:7      | Reached XP level 9. HP: 54/97 MP: 12/12
 10509 | D:8      | Reached skill level 9 in Fighting
 10534 | D:8      | Reached skill level 2 in Ice Magic
 10886 | D:8      | Found a sand-covered staircase.
 11064 | Ossuary  | Entered an ossuary
 11425 | Ossuary  | Reached skill level 7 in Unarmed Combat
 11764 | D:8      | Found a staircase to the Lair.
 11903 | D:8      | Noticed Prince Ribbit
 11918 | D:8      | Killed Prince Ribbit
 11918 | D:8      | Reached skill level 6 in Transmutations
 11918 | D:8      | Reached skill level 3 in Ice Magic
 12215 | D:8      | Reached ** piety under Qazlal
 12389 | D:9      | Found an opulent altar of Gozag.
 12662 | D:9      | Reached skill level 10 in Fighting
 12676 | D:9      | Noticed a gargoyle
 12852 | D:9      | Found a shadowy altar of Dithmenos.
 12854 | D:9      | Noticed Psyche
 12858 | D:9      | Noticed Grum
 12863 | D:9      | Killed Psyche
 12863 | D:9      | Reached XP level 10. HP: 91/110 MP: 9/13
 12867 | D:9      | Reached skill level 4 in Ice Magic
 13276 | D:9      | Reached skill level 8 in Unarmed Combat
 13280 | D:9      | Killed Grum
 13295 | D:9      | Reached skill level 7 in Transmutations
 13744 | D:9      | Reached skill level 11 in Fighting
 13797 | D:9      | Killed a gargoyle
 13815 | D:9      | Found a runed door.
 13816 | D:9      | Found a shimmering altar of Xom.
 13816 | D:9      | Noticed a dire flail of chaos
 13816 | D:9      | Noticed kalagan's ghost (novice DEFE)
 13984 | D:9      | Noticed Pikel
 13994 | D:9      | Killed Pikel
 14308 | D:10     | Entered Level 10 of the Dungeon
 14337 | D:10     | Noticed a two-headed ogre
 14351 | D:10     | HP: 6/114 [two-headed ogre/giant spiked club (27)]
 14363 | D:10     | Killed a two-headed ogre
 14815 | D:10     | Reached skill level 8 in Transmutations
 14834 | D:10     | Got a transparent large shield
 14935 | D:10     | Identified the +7 large shield of Vanity {rPois SInv} (You found it on level 10 of the Dungeon)
 14964 | D:10     | Noticed a gargoyle
 15160 | D:10     | Killed a gargoyle
 15160 | D:10     | Reached skill level 12 in Fighting
 15160 | D:10     | Reached skill level 9 in Unarmed Combat
 15160 | D:10     | Reached skill level 3 in Spellcasting
 15160 | D:10     | Reached XP level 11. HP: 123/123 MP: 10/15
 15822 | D:10     | Reached skill level 4 in Spellcasting
 16507 | D:11     | Found a staircase to the Orcish Mines.
 16507 | D:11     | Noticed a cyclops
 16509 | D:11     | Noticed an eight-headed hydra
 16688 | D:11     | Noticed a cyclops
 16695 | D:10     | Killed a cyclops
 16782 | D:10     | Reached *** piety under Qazlal
 17007 | D:10     | Reached skill level 5 in Spellcasting
 17297 | D:11     | Reached skill level 13 in Fighting
 17656 | D:11     | Reached skill level 10 in Unarmed Combat
 17656 | D:11     | Reached skill level 6 in Spellcasting
 17982 | D:11     | Killed a cyclops
 18328 | D:11     | Killed an eight-headed hydra
 18591 | D:11     | Found a blossoming altar of Fedhas.
 18632 | D:11     | Noticed an oklob plant
 18694 | D:11     | Killed an oklob plant
 18694 | D:11     | Reached skill level 7 in Spellcasting
 18694 | D:11     | Reached XP level 12. HP: 102/137 MP: 18/22
 18967 | Orc:1    | Entered Level 1 of the Orcish Mines
 19108 | Orc:1    | Noticed a two-headed ogre
 19125 | Orc:1    | Killed a two-headed ogre
 19125 | Orc:1    | Reached skill level 14 in Fighting
 19126 | Orc:1    | Noticed a soul eater
 19560 | Orc:2    | Entered Level 2 of the Orcish Mines
 19560 | Orc:2    | Found Joiff's Gadget Shop.
 19887 | Lair:1   | Entered Level 1 of the Lair of Beasts
 19904 | Lair:1   | Noticed Erica
 19911 | D:8      | Reached skill level 8 in Spellcasting
 20196 | Lair:1   | Killed Erica
 20509 | Lair:1   | Reached **** piety under Qazlal
 20510 | Lair:1   | Noticed Urug
 20667 | Lair:1   | Killed Urug
 20667 | Lair:1   | Reached skill level 15 in Fighting
 20667 | Lair:1   | Reached skill level 9 in Spellcasting
 21108 | Lair:1   | Noticed Nergalle
 21118 | Lair:1   | Killed Nergalle
 21739 | Lair:2   | Reached skill level 10 in Spellcasting
 21910 | Lair:2   | Learned a level 5 spell: Blade Hands
 23047 | Lair:2   | Reached skill level 16 in Fighting
 23323 | Lair:2   | Reached XP level 13. HP: 135/152 MP: 25/27
 23405 | Lair:3   | Reached skill level 11 in Spellcasting
 24080 | Lair:3   | Reached skill level 2 in Dodging
 24294 | Lair:3   | Found a shimmering altar of Xom.
 24395 | Lair:3   | Found a staircase to the Snake Pit.
 24494 | Lair:3   | Reached skill level 3 in Dodging
 24903 | Lair:3   | Found a staircase to the Shoals.
 25489 | Lair:4   | Reached skill level 4 in Dodging
 25514 | Lair:4   | Reached skill level 17 in Fighting
 26285 | Lair:4   | Reached skill level 5 in Dodging
 26822 | Lair:4   | Reached ***** piety under Qazlal
 27493 | Lair:5   | Reached skill level 6 in Dodging
 28427 | Lair:6   | Entered Level 6 of the Lair of Beasts
 28440 | Lair:6   | Reached skill level 7 in Dodging
 28444 | Lair:6   | Reached XP level 14. HP: 145/167 MP: 26/29
 28643 | Lair:6   | Reached skill level 8 in Dodging
 28797 | Lair:6   | Noticed an entropy weaver
 28812 | Lair:6   | Killed an entropy weaver
 28812 | Lair:6   | Reached skill level 18 in Fighting
 28964 | Lair:6   | Noticed an entropy weaver
 28978 | Lair:6   | Killed an entropy weaver
 29214 | Lair:6   | Reached skill level 9 in Dodging
 30000 | Lair:6   | Reached skill level 10 in Dodging
 30289 | Lair:6   | Identified Qaro Roh's Guide on Noxious Translocation
 30422 | Lair:6   | Found a viscous altar of Jiyva.
 30422 | Lair:6   | Found a staircase to the Slime Pits.
 31380 | Orc:1    | Reached ****** piety under Qazlal
 31491 | Orc:1    | Reached skill level 19 in Fighting
 31491 | Orc:1    | Reached XP level 15. HP: 178/180 MP: 27/30
 31545 | Orc:1    | Reached skill level 11 in Dodging
 32059 | Orc:2    | Noticed an orc warlord
 32086 | Orc:1    | Killed an orc warlord
 32389 | Orc:2    | Found a staircase to the Elven Halls.
 32460 | Orc:2    | Found Doihouppek's General Store.
 32461 | Orc:2    | Found Sinuduh's Jewellery Shop.
 32462 | Orc:2    | Found Zierph's Antique Armour Shop.
 32462 | Orc:2    | Found Nuolo's Antique Weapon Boutique.
 32476 | Orc:2    | Bought a potion of curing for 36 gold pieces
 32730 | Orc:1    | Found Ugeneal's Armour Boutique.
 32744 | Orc:1    | Found a roughly hewn altar of Beogh.
 32879 | Orc:1    | Upgraded the game from 0.22.0-27-ga576289 to 0.22.0-32-gbc6daba
 33059 | Snake:1  | Entered Level 1 of the Snake Pit
 33321 | Lair:3   | Reached skill level 1 in Armour
 33413 | Snake:1  | Noticed Frances
 33504 | Lair:3   | Killed Frances
 33504 | Lair:3   | Reached skill level 12 in Dodging
 33816 | Snake:1  | Noticed Kirke
 33829 | Snake:1  | Killed Kirke
 33840 | Snake:1  | Reached skill level 2 in Armour
 34003 | Snake:1  | Found Lelor's Assorted Antiques.
 34003 | Snake:1  | Found Suarauff's Distillery.
 34011 | Snake:1  | Bought a potion of resistance for 130 gold pieces
 34029 | Snake:1  | Bought a scroll of identify for 48 gold pieces
 35458 | Snake:2  | Reached skill level 3 in Armour
 36054 | Snake:2  | Found a runed gate.
 36054 | Snake:2  | Found a runed gate.
 36055 | Snake:2  | Noticed Anothat's ghost (adept DsGl)
 36057 | Snake:2  | Found a runed gate.
 36100 | Snake:2  | Reached skill level 20 in Fighting
 36100 | Snake:2  | Reached skill level 13 in Dodging
 36100 | Snake:2  | Reached XP level 16. HP: 180/192 MP: 31/31
 36116 | Snake:2  | Noticed Vashnia
 36285 | Snake:1  | Reached skill level 4 in Armour
 36649 | Snake:2  | Killed Vashnia
 37343 | Snake:3  | Found Luup's Food Boutique.
 37408 | Snake:3  | Reached skill level 5 in Armour
 37468 | Snake:3  | Found Irigur's Jewellery Boutique.
 37641 | Snake:3  | Found Xicoa's Book Boutique.
 37645 | Snake:3  | Bought a book of Frost for 630 gold pieces
 37649 | Snake:3  | Learned a level 3 spell: Ozocubu's Armour
 37736 | Snake:3  | Reached skill level 14 in Dodging
 38375 | Snake:3  | Found a snail-covered altar of Cheibriados.
 38429 | Snake:4  | Entered Level 4 of the Snake Pit
 38707 | Snake:4  | Found an ancient bone altar of Kikubaaqudgha.
 38721 | Snake:4  | Noticed a nagaraja
 38806 | Snake:4  | Killed a nagaraja
 39621 | Snake:4  | Noticed a nagaraja
 39851 | Snake:4  | Killed a nagaraja
 39936 | Snake:4  | Reached skill level 21 in Fighting
 39936 | Snake:4  | Reached XP level 17. HP: 174/205 MP: 32/32
 40220 | Snake:4  | Reached skill level 15 in Dodging
 40680 | Snake:4  | Reached skill level 12 in Spellcasting
 41510 | Snake:4  | HP: 16/205 [lindwurm/blast of flame (16)]
 41518 | Snake:4  | HP: 14/205 [nagaraja/orb of energy (34)]
 41741 | Snake:3  | HP: 20/205 [poisoned by a nagaraja (bolt of poison)]
 41746 | Snake:3  | HP: 12/205 [poisoned by a nagaraja (bolt of poison)]
 41751 | Snake:3  | HP: 7/205 [poisoned by a nagaraja (bolt of poison)]
 41756 | Snake:3  | HP: 5/205 [poisoned by a nagaraja (bolt of poison)]
 41761 | Snake:3  | HP: 4/205 [poisoned by a nagaraja (bolt of poison)]
 41766 | Snake:3  | HP: 6/205 [poisoned by a nagaraja (bolt of poison)]
 41773 | Snake:3  | HP: 9/205 [poisoned by a nagaraja (bolt of poison)]
 41780 | Snake:3  | HP: 12/205 [poisoned by a nagaraja (bolt of poison)]
 41788 | Snake:3  | HP: 17/205 [poisoned by a nagaraja (bolt of poison)]
 42768 | Snake:4  | HP: 21/246 [shock serpent (13)]
 42771 | Snake:4  | HP: 7/246 [anaconda (12)]
 42771 | Snake:4  | HP: 2/246 [anaconda (5)]
 44041 | Snake:4  | Got a serpentine rune of Zot
 44303 | Shoals:1 | Entered Level 1 of the Shoals
 44317 | Shoals:1 | Reached skill level 13 in Spellcasting
 44327 | Shoals:1 | Reached skill level 11 in Unarmed Combat
 44343 | Shoals:1 | Reached XP level 18. HP: 202/215 MP: 35/35
 45752 | Shoals:2 | Reached skill level 12 in Unarmed Combat
 45786 | Shoals:2 | Noticed Polyphemus
 45808 | Shoals:2 | Killed Polyphemus
 47016 | Shoals:3 | Reached skill level 14 in Spellcasting
 47411 | Shoals:3 | Reached skill level 13 in Unarmed Combat
 48086 | Shoals:4 | Entered Level 4 of the Shoals
 48086 | Shoals:4 | Found a runed door.
 48839 | Shoals:3 | Reached XP level 19. HP: 117/224 MP: 34/37
 49528 | Shoals:4 | HP: 25/268 [merfolk javelineer/spear of freezing (8)]
 49535 | Shoals:3 | Reached skill level 14 in Unarmed Combat
 50297 | Shoals:4 | Reached skill level 15 in Spellcasting
 50584 | Shoals:4 | Got a barnacled rune of Zot
 51516 | D:9      | Killed kalagan's ghost
 51641 | D:12     | Reached skill level 15 in Unarmed Combat
 51652 | D:12     | Found Teihos's Assorted Antiques.
 51901 | D:12     | Noticed Josephine
 51910 | D:12     | Killed Josephine
 52407 | D:13     | Found a gate to the Vaults.
 52894 | D:14     | Found a flagged portal.
 52904 | Bailey   | Entered a bailey
 53169 | Bailey   | Identified 2 potions of experience
 53811 | D:15     | Entered Level 15 of the Dungeon
 54050 | D:15     | Reached skill level 16 in Unarmed Combat
 54118 | D:15     | Found a staircase to the Depths.
 54439 | D:15     | Found a roughly hewn altar of Beogh.
 55446 | Vaults:1 | Entered Level 1 of the Vaults
 55815 | Vaults:1 | Reached XP level 20. HP: 234/234 MP: 37/39
 56067 | Vaults:1 | Found Wiefywk's Antique Weapon Emporium.
 56104 | Vaults:1 | Reached skill level 17 in Unarmed Combat
 56104 | Vaults:1 | Reached XP level 21. HP: 243/243 MP: 40/40
 56105 | Vaults:1 | Reached XP level 22. HP: 252/252 MP: 41/41
 56313 | Vaults:1 | Reached skill level 18 in Unarmed Combat
 56797 | Vaults:1 | Noticed Asterion
 56804 | Vaults:1 | Killed Asterion
 57783 | Vaults:2 | HP: 30/302 [something (1)]
 58035 | Vaults:2 | Reached skill level 19 in Unarmed Combat
 58072 | Vaults:2 | HP: 20/302 [slime creature (12)]
 58073 | Vaults:2 | HP: 3/302 [vault warden/dire flail (18)]
 58073 | Vaults:2 | Annihilated by a slime creature

Vanquished Creatures
  Vashnia (Snake:2)
  Asterion (Vaults:1)
  2 krakens
  Frances (Lair:3)
  Polyphemus (Shoals:2)
  Kirke (Snake:1)
  9 nagarajas (Snake:4)
  A frost giant (shapeshifter) (Vaults:1)
  2 fire giants
  4 vault wardens
  2 orc warlords
  3 ironheart preservers
  A very ugly thing (Vaults:1)
  2 entropy weavers (Lair:6)
  5 merfolk impalers
  5 merfolk javelineers
  Josephine (D:12)
  A fire dragon (Vaults:2)
  16 naga warriors
  A rakshasa (Vaults:1)
  A merfolk avatar (Shoals:3)
  2 vault guards (Vaults:2)
  4 hydras
  19 anacondas
  5 catoblepae
  2 alligator snapping turtles
  Erica (Lair:1)
  3 merfolk aquamancers
  7 satyrs
  6 ogre magi
  A dancing weapon (D:9)
  4 centaur warriors
  22 two-headed ogres
  11 death yaks
  10 naga sharpshooters
  9 shock serpents
  3 orc high priests
  Nergalle (Lair:1)
  Urug (Lair:1)
  A queen ant (Lair:6)
  2 shadow wraiths
  8 sea snakes
  12 salamander mystics
  The ghost of kalagan the Thaumaturge, a novice DEFE of Vehumet (D:9)
  6 naga ritualists
  Pikel (D:9)
  4 ironbrand convokers
  44 harpies
  A wizard (Vaults:1)
  4 lindwurms (Snake:4)
  14 orc knights
  2 deep elf magi
  A wolf spider zombie (D:13)
  5 oklob plants
  17 salamanders
  12 ugly things
  21 fauns
  A faun (shapeshifter) (Vaults:1)
  21 mana vipers
  20 manticores
  10 cyclopes
  6 orc sorcerers
  3 vault sentinels
  21 naga magi
  3 elephants
  9 merfolk sirens
  Psyche (D:9)
  5 water nymphs
  A torpor snail (Lair:2)
  30 black mambas
  8 guardian serpents
  A spiny frog (shapeshifter) (D:13)
  3 gargoyles
  10 spiny frogs
  6 komodo dragons
  2 yaktaurs
  3 rime drakes
  A freezing wraith (Vaults:1)
  A tengu conjurer (D:10)
  A troll (shapeshifter) (Vaults:2)
  27 merfolk
  6 trolls
  2 jumping spiders (shapeshifter) (Vaults:1)
  A tengu simulacrum (Vaults:1)
  Prince Ribbit (D:8)
  A hornet (shapeshifter) (D:14)
  A hornet (Vaults:1)
  5 wind drakes
  11 blink frogs
  11 snapping turtles
  2 dream sheep (Shoals:1)
  17 slime creatures (Vaults:1)
  14 hippogriffs
  2 wyverns
  7 water elementals
  6 wraiths
  78 yaks
  A shadow (D:12)
  7 basilisks
  4 vampire mosquitoes
  3 hogs (Snake:1)
  A steam dragon (D:11)
  Grum (D:9)
  2 hungry ghosts
  9 wargs
  45 nagas
  27 soldier ants
  Duvessa (D:5)
  An acid dragon (D:15)
  11 water moccasins
  A hornet zombie (D:15)
  Purgy (Sewer)
  3 ice beasts
  7 porcupines
  4 slaves (D:9)
  2 eyes of draining
  64 orc warriors
  27 ogres
  3 phantoms
  13 centaurs
  12 wolves
  15 crocodiles
  2 big kobolds
  19 bullfrogs
  A wyvern zombie (D:13)
  2 gnoll sergeants (D:10)
  Dowan (D:5)
  A wyvern skeleton (D:12)
  2 scorpions (D:10)
  2 killer bees (D:7)
  12 wights
  2 howler monkeys
  6 electric eels
  7 crimson imps
  A human simulacrum (Vaults:1)
  A quasit (D:10)
  5 centaur zombies
  4 jellies
  22 orc priests
  8 hounds
  2 bullfrog skeletons
  6 centaur skeletons
  18 orc wizards
  10 iguanas
  24 worker ants
  A killer bee zombie (D:9)
  2 big kobold zombies (Ossuary)
  A hound zombie (D:5)
  A hound skeleton (D:3)
  3 mummies (Ossuary)
  2 worker ant zombies
  Robin (D:4)
  33 gnolls
  A howler monkey zombie (D:10)
  12 adders
  3 river rats (D:3)
  4 shadow imps
  An ooze (D:2)
  An adder skeleton (D:4)
  6 worms
  A dart slug (D:2)
  13 leopard geckos
  119 orcs
  6 giant cockroaches
  26 goblins
  18 hobgoblins
  4 jackals (D:1)
  4 quokkas
  2 ball pythons
  5 bats
  13 frilled lizards
  A gnoll zombie (Ossuary)
  A jackal zombie (D:7)
  15 kobolds
  2 kobold zombies (Ossuary)
  4 rats
  3 fungi
  8 plants
  9 tentacles
  A withered plant (Shoals:1)
1437 creatures vanquished.

Vanquished Creatures (collateral kills)
  A killer bee (D:7)
  A worm (D:3)
2 creatures vanquished.

Vanquished Creatures (others)
  A merfolk impaler (Shoals:4)
  2 merfolk aquamancers
  A satyr (Shoals:4)
  An unseen horror (Vaults:1)
  A harpy (Shoals:4)
  A manticore (Shoals:4)
  3 merfolk (Shoals:4)
  A human (Snake:1)
  A naga (Snake:3)
  An orc warrior (Orc:2)
  An ogre (Vaults:2)
  3 orcs (Orc:2)
  2 bushes (Lair:4)
  17 fungi
  38 plants
  13 tentacles
  9 toadstools (D:11)
  2 withered plants (D:5)
98 creatures vanquished.

Grand Total: 1537 creatures vanquished

Table legend:
 A = Turns spent in this place as a percentage of turns spent in the entire game.
 B = Non-inter-level travel turns spent in this place as a percentage of non-inter-level travel turns spent in the entire game.
 C = Inter-level travel turns spent in this place as a percentage of turns spent in this place.
 D = Turns resting spent in this place as a percentage of non-inter-level travel turns spent in this place.
 E = Turns spent auto-exploring this place as a percentage of non-inter-level travel turns spent in this place.
 F = Non-inter-level travel turns spent in this place divided by the number of levels of this place that you've seen.
                   A       B       C       D       E      F
               +-------+-------+-------+-------+-------+----------------------
         Total | 100.0 | 100.0 |   4.8 |  43.9 |  33.6 | 1494.6
       Dungeon |  39.4 |  38.8 |   6.2 |  44.0 |  36.7 | 1431.8
        Temple |   0.2 |   0.1 |  19.0 |   0.0 |  90.1 |  81.0
          Lair |  19.3 |  19.0 |   6.3 |  42.9 |  37.0 | 1754.0
        Shoals |  11.8 |  12.2 |   1.9 |  51.3 |  24.9 | 1683.5
     Snake Pit |  17.7 |  18.1 |   2.9 |  43.8 |  29.7 | 2495.5
  Orcish Mines |   5.0 |   5.0 |   4.9 |  49.8 |  28.2 | 1386.0
        Vaults |   4.2 |   4.3 |   2.0 |  24.1 |  41.0 | 1196.5
         Sewer |   0.6 |   0.6 |   0.0 |  56.8 |  25.9 | 352.0
       Ossuary |   1.0 |   1.1 |   0.0 |  53.2 |  22.1 | 607.0
        Bailey |   0.6 |   0.7 |   0.0 |   0.0 |  34.0 | 377.0
               +-------+-------+-------+-------+-------+----------------------

Table legend:
 A = Non-vault XP
 B = Vault XP
 C = Vault XP percentage of total XP
 D = Non-vault monster count
 E = Vault monster count
 F = Vault count percentage of total count
                 A         B        C        D         E       F
            +---------+---------+-------+---------+---------+-------
      Total |  267395 |  193392 |  42.0 |     867 |     554 |  39.0
            +---------+---------+-------+---------+---------+-------
        D:1 |      32 |       0 |   0.0 |      20 |       0 |   0.0
        D:2 |     124 |       4 |   3.1 |      27 |       2 |   6.9
        D:3 |      19 |     105 |  84.7 |       2 |      10 |  83.3
        D:4 |      25 |      46 |  64.8 |       9 |      11 |  55.0
        D:5 |     692 |     227 |  24.7 |      23 |       2 |   8.0
        D:6 |     572 |       0 |   0.0 |      12 |       0 |   0.0
        D:7 |     507 |       0 |   0.0 |      12 |       0 |   0.0
        D:8 |     839 |    1489 |  64.0 |      15 |      11 |  42.3
        D:9 |    1867 |    2972 |  61.4 |      15 |       5 |  25.0
       D:10 |    5182 |     767 |  12.9 |      53 |       5 |   8.6
       D:11 |    4567 |     583 |  11.3 |      21 |       2 |   8.7
       D:12 |    6446 |    2134 |  24.9 |      41 |       6 |  12.8
       D:13 |    4049 |    4423 |  52.2 |      12 |       7 |  36.8
       D:14 |    3284 |     644 |  16.4 |      21 |       2 |   8.7
       D:15 |   13881 |    2598 |  15.8 |      39 |      26 |  40.0
     Lair:1 |    3682 |    3262 |  47.0 |      20 |       7 |  25.9
     Lair:2 |    3477 |    1772 |  33.8 |      13 |       8 |  38.1
     Lair:3 |    8529 |    4676 |  35.4 |      28 |      10 |  26.3
     Lair:4 |    4060 |    4202 |  50.9 |      21 |      37 |  63.8
     Lair:5 |    7185 |    3987 |  35.7 |      21 |      11 |  34.4
     Lair:6 |    6578 |   17245 |  72.4 |      28 |      61 |  68.5
   Shoals:1 |   15001 |    5921 |  28.3 |      30 |      10 |  25.0
   Shoals:2 |   15197 |    4138 |  21.4 |      29 |       3 |   9.4
   Shoals:3 |   23568 |   11087 |  32.0 |      45 |      17 |  27.4
   Shoals:4 |   16597 |   17012 |  50.6 |      32 |      29 |  47.5
    Snake:1 |    7072 |    5136 |  42.1 |      16 |       8 |  33.3
    Snake:2 |   17660 |    9645 |  35.3 |      37 |       7 |  15.9
    Snake:3 |   19723 |       0 |   0.0 |      40 |       0 |   0.0
    Snake:4 |   24560 |   53638 |  68.6 |      40 |      71 |  64.0
      Orc:1 |    4338 |    7644 |  63.8 |      29 |      34 |  54.0
      Orc:2 |     917 |    4384 |  82.7 |      14 |      40 |  74.1
   Vaults:1 |   31998 |   15471 |  32.6 |      71 |      17 |  19.3
   Vaults:2 |   15167 |    3048 |  16.7 |      31 |       9 |  22.5
      Sewer |       0 |     145 | 100.0 |       0 |       6 | 100.0
    Ossuary |       0 |     243 | 100.0 |       0 |      11 | 100.0
     Bailey |       0 |    4744 | 100.0 |       0 |      69 | 100.0
            +---------+---------+-------+---------+---------+-------
